[ PARTIDA AOE2 · #470248223 ]
Team RMBritanos vs Huns
[ ANÁLISIS DE REPETICIÓN · EXTRAÍDO DE LA PARTIDA GRABADA ]
Feudal
11:37
Castillos
16:12
Imperial
32:32
| APM promedio | 22.4 |
| APM pico | 69 |
| eAPM promedio | 12.2 |
| Aldeanos / militares | 82 / 101 |
Foco
⚔️ 34.1% · 🌾 65.9%
Spearman ×48 · Longbowman ×44 · Archer ×4 · Monk ×3 · Trebuchet (Packed) ×2
Feudal
10:06
Castillos
14:51
Imperial
28:43
| APM promedio | 22.2 |
| APM pico | 59 |
| eAPM promedio | 13.2 |
| Aldeanos / militares | 159 / 140 |
Foco
⚔️ 24.7% · 🌾 75.3%
Spearman ×105 · Hussite Wagon ×29 · Bombard Cannon ×4 · Trebuchet (Packed) ×2
Feudal
11:29
Castillos
16:22
Imperial
30:36
| APM promedio | 37.9 |
| APM pico | 85 |
| eAPM promedio | 20.5 |
| Aldeanos / militares | 161 / 120 |
Foco
⚔️ 34.7% · 🌾 65.3%
Tarkan ×51 · Scout Cavalry ×36 · Cavalry Archer ×21 · Mangonel ×5 · Trebuchet (Packed) ×4 · Monk ×2
Feudal
11:09
Castillos
15:16
Imperial
30:05
| APM promedio | 27.2 |
| APM pico | 78 |
| eAPM promedio | 16.0 |
| Aldeanos / militares | 125 / 102 |
Foco
⚔️ 24.9% · 🌾 75.1%
Hand Cannoneer ×87 · Bombard Cannon ×12 · Monk ×3
Mapa de la partida
Recursos iniciales + cada clic de construcción. Líneas = muros · curvas = relieve. ◆ oro · ⬟ piedra · ● bayas · ✦ reliquia · ◌ hueco del cierre
Tu base· Abierta — flanco sin cerrar
Base de shadman0islam· Abierta — flanco sin cerrar
Base de C4kr· Abierta — flanco sin cerrar
Base de aggromechanic· Abierta — flanco sin cerrar
Terreno inicial suavizado · ◌ = hueco del cierre detectado · pasá el cursor para detalles
Inputs por minuto
— filas95 - - shadman0islam
Build order — filas95
Primeras 150 de 284 acciones detectadas
| 0:03 | Construir | House |
| 0:05 | Construir | House |
| 0:06 | Crear | Villager (Male) |
| 0:06 | Crear | Villager (Male) |
| 0:06 | Crear | Villager (Male) |
| 0:07 | Crear | Villager (Male) |
| 0:07 | Crear | Villager (Male) |
| 0:26 | Construir | House |
| 0:27 | Construir | House |
| 1:30 | Crear | Villager (Male) |
| 1:30 | Crear | Villager (Male) |
| 1:57 | Crear | Villager (Male) |
| 1:57 | Crear | Villager (Male) |
| 2:16 | Construir | Lumber Camp |
| 2:23 | Crear | Villager (Male) |
| 2:23 | Crear | Villager (Male) |
| 2:59 | Crear | Villager (Male) |
| 3:00 | Crear | Villager (Male) |
| 3:00 | Crear | Villager (Male) |
| 3:00 | Crear | Villager (Male) |
| 3:00 | Crear | Villager (Male) |
| 3:54 | Investigar | Loom |
| 4:52 | Crear | Villager (Male) |
| 4:52 | Crear | Villager (Male) |
| 4:53 | Crear | Villager (Male) |
| 4:53 | Crear | Villager (Male) |
| 4:53 | Crear | Villager (Male) |
| 4:53 | Crear | Villager (Male) |
| 4:53 | Crear | Villager (Male) |
| 6:23 | Construir | Mill |
| 6:32 | Crear | Villager (Male) |
| 6:35 | Crear | Villager (Male) |
| 7:49 | Crear | Villager (Male) |
| 7:50 | Crear | Villager (Male) |
| 7:54 | Crear | Villager (Male) |
| 8:07 | Construir | Mill |
| 8:17 | Construir | Mining Camp |
| 8:21 | Investigar | Feudal Age |
| 9:34 | Construir | Barracks |
| 9:37 | Construir | House |
| 9:38 | Construir | House |
| 9:39 | Construir | House |
| 11:08 | Crear | Villager (Male) |
| 11:09 | Crear | Villager (Male) |
| 11:37 | Edad | Edad Feudal |
| 11:48 | Construir | Blacksmith |
| 11:56 | Construir | Archery Range |
| 12:45 | Construir | Farm |
| 12:47 | Construir | Farm |
| 13:32 | Investigar | Castle Age |
| 13:42 | Crear | Spearman |
| 13:42 | Crear | Spearman |
| 13:45 | Crear | Archer |
| 13:46 | Crear | Archer |
| 13:46 | Crear | Archer |
| 14:27 | Crear | Archer |
| 14:30 | Crear | Spearman |
| 14:32 | Crear | Spearman |
| 14:43 | Investigar | Double-Bit Axe |
| 15:39 | Investigar | Fletching |
| 16:12 | Edad | Edad de los Castillos |
| 16:14 | Construir | Monastery |
| 17:16 | Crear | Monk |
| 17:16 | Crear | Monk |
| 17:17 | Crear | Monk |
| 17:29 | Construir | Town Center |
| 18:03 | Crear | Spearman |
| 18:03 | Crear | Spearman |
| 18:53 | Construir | Farm |
| 18:53 | Construir | Farm |
| 18:53 | Construir | Farm |
| 19:26 | Crear | Villager (Male) |
| 19:26 | Crear | Villager (Male) |
| 19:26 | Crear | Villager (Male) |
| 19:27 | Crear | Villager (Male) |
| 19:31 | Construir | Farm |
| 19:31 | Construir | Farm |
| 19:31 | Construir | Farm |
| 19:31 | Construir | Farm |
| 19:31 | Construir | Farm |
| 19:32 | Construir | Farm |
| 19:32 | Construir | Farm |
| 19:55 | Construir | Farm |
| 20:55 | Crear | Villager (Male) |
| 20:56 | Crear | Villager (Male) |
| 20:56 | Crear | Villager (Male) |
| 20:56 | Crear | Villager (Male) |
| 20:58 | Crear | Villager (Male) |
| 20:58 | Crear | Villager (Male) |
| 20:59 | Construir | Farm |
| 21:02 | Construir | Farm |
| 21:26 | Construir | Farm |
| 21:27 | Crear | Villager (Male) |
| 21:28 | Crear | Villager (Male) |
| 21:32 | Construir | Farm |
| 22:37 | Construir | Farm |
| 22:37 | Crear | Villager (Male) |
| 22:38 | Crear | Villager (Male) |
| 22:38 | Crear | Villager (Male) |
| 23:08 | Construir | Town Center |
| 23:13 | Construir | Mining Camp |
| 23:17 | Crear | Villager (Male) |
| 23:17 | Crear | Villager (Male) |
| 23:17 | Crear | Villager (Male) |
| 23:18 | Crear | Villager (Male) |
| 23:18 | Crear | Villager (Male) |
| 23:34 | Construir | House |
| 23:35 | Construir | House |
| 23:36 | Construir | House |
| 23:37 | Construir | House |
| 23:38 | Construir | House |
| 23:44 | Construir | Lumber Camp |
| 24:29 | Crear | Villager (Male) |
| 24:29 | Crear | Villager (Male) |
| 24:29 | Crear | Villager (Male) |
| 24:29 | Crear | Villager (Male) |
| 24:32 | Investigar | Wheelbarrow |
| 25:22 | Crear | Villager (Male) |
| 25:22 | Crear | Villager (Male) |
| 25:23 | Crear | Villager (Male) |
| 25:26 | Crear | Villager (Male) |
| 25:26 | Crear | Villager (Male) |
| 25:26 | Crear | Villager (Male) |
| 25:50 | Construir | House |
| 25:52 | Construir | House |
| 25:53 | Construir | House |
| 25:54 | Construir | House |
| 26:01 | Construir | Farm |
| 26:03 | Construir | Farm |
| 26:04 | Construir | Farm |
| 26:36 | Construir | University |
| 26:44 | Construir | Farm |
| 26:48 | Construir | Farm |
| 26:50 | Construir | Farm |
| 27:06 | Crear | Villager (Male) |
| 27:06 | Crear | Villager (Male) |
| 27:07 | Crear | Villager (Male) |
| 27:11 | Crear | Villager (Male) |
| 27:12 | Crear | Villager (Male) |
| 27:12 | Crear | Villager (Male) |
| 27:13 | Crear | Villager (Male) |
| 27:21 | Crear | Villager (Male) |
| 27:22 | Crear | Villager (Male) |
| 27:22 | Crear | Villager (Male) |
| 27:23 | Crear | Villager (Male) |
| 27:29 | Construir | Farm |
| 27:29 | Construir | Farm |
| 27:30 | Construir | Farm |
| 27:31 | Construir | Farm |
| 27:41 | Construir | Farm |
Build order — shadman0islam
Primeras 150 de 282 acciones detectadas
| 0:01 | Crear | Villager (Male) |
| 0:05 | Construir | House |
| 0:07 | Construir | House |
| 0:12 | Crear | Villager (Male) |
| 0:13 | Crear | Villager (Male) |
| 0:14 | Crear | Villager (Male) |
| 1:33 | Crear | Villager (Male) |
| 1:47 | Construir | Mill |
| 2:02 | Crear | Villager (Male) |
| 2:26 | Crear | Villager (Male) |
| 2:51 | Crear | Villager (Male) |
| 3:17 | Crear | Villager (Male) |
| 3:34 | Construir | House |
| 3:41 | Crear | Villager (Male) |
| 3:42 | Crear | Villager (Male) |
| 4:01 | Crear | Villager (Male) |
| 4:02 | Crear | Villager (Male) |
| 4:03 | Crear | Villager (Male) |
| 4:03 | Crear | Villager (Male) |
| 5:09 | Construir | Mill |
| 5:10 | Crear | Villager (Male) |
| 5:47 | Crear | Villager (Male) |
| 6:01 | Construir | House |
| 6:06 | Crear | Villager (Male) |
| 6:06 | Crear | Villager (Male) |
| 6:07 | Crear | Villager (Male) |
| 7:05 | Construir | Mining Camp |
| 7:26 | Crear | Villager (Male) |
| 7:47 | Investigar | Feudal Age |
| 8:05 | Construir | Lumber Camp |
| 8:19 | Crear | Villager (Male) |
| 8:20 | Crear | Villager (Male) |
| 8:20 | Investigar | Loom |
| 9:30 | Construir | Farm |
| 9:45 | Construir | Farm |
| 10:06 | Edad | Edad Feudal |
| 10:12 | Construir | Market |
| 10:31 | Construir | Blacksmith |
| 11:02 | Construir | Farm |
| 11:19 | Construir | House |
| 12:11 | Investigar | Castle Age |
| 12:22 | Construir | Farm |
| 12:38 | Investigar | Double-Bit Axe |
| 13:16 | Investigar | Horse Collar |
| 13:51 | Crear | Villager (Male) |
| 13:51 | Crear | Villager (Male) |
| 14:51 | Edad | Edad de los Castillos |
| 14:54 | Construir | Town Center |
| 15:12 | Construir | Town Center |
| 15:26 | Investigar | Bow Saw |
| 15:41 | Crear | Villager (Male) |
| 15:48 | Construir | Farm |
| 15:53 | Crear | Villager (Male) |
| 16:14 | Crear | Villager (Male) |
| 16:18 | Construir | Farm |
| 16:25 | Crear | Villager (Male) ×2 |
| 16:28 | Crear | Villager (Male) |
| 16:34 | Construir | Farm |
| 16:40 | Construir | Farm |
| 16:46 | Crear | Villager (Male) ×2 |
| 16:53 | Construir | Farm |
| 16:54 | Construir | Farm |
| 17:03 | Construir | Farm |
| 17:05 | Crear | Villager (Male) |
| 17:11 | Construir | Farm |
| 17:24 | Crear | Villager (Male) |
| 17:30 | Construir | Farm |
| 17:34 | Construir | Farm |
| 17:36 | Crear | Villager (Male) |
| 17:42 | Crear | Villager (Male) ×2 |
| 17:48 | Construir | Farm |
| 17:52 | Construir | Farm |
| 17:54 | Crear | Villager (Male) |
| 18:02 | Construir | Farm |
| 18:04 | Crear | Villager (Male) |
| 18:14 | Construir | House |
| 18:18 | Construir | House |
| 18:25 | Construir | House |
| 18:32 | Investigar | Wheelbarrow |
| 18:50 | Crear | Villager (Male) ×2 |
| 18:58 | Construir | Farm |
| 19:00 | Construir | Farm |
| 19:01 | Construir | Farm |
| 19:03 | Crear | Villager (Male) ×2 |
| 19:08 | Construir | Farm |
| 19:10 | Construir | Farm |
| 19:14 | Construir | House |
| 19:16 | Construir | House |
| 19:18 | Construir | House |
| 19:20 | Crear | Villager (Male) ×2 |
| 19:33 | Construir | Farm |
| 19:34 | Construir | Farm |
| 19:37 | Crear | Villager (Male) |
| 19:50 | Construir | House |
| 19:51 | Construir | House |
| 20:07 | Crear | Villager (Male) ×3 |
| 20:16 | Construir | Barracks |
| 20:31 | Investigar | Hand Cart |
| 20:36 | Crear | Villager (Male) ×2 |
| 20:48 | Construir | House |
| 20:50 | Construir | House |
| 20:51 | Construir | House |
| 20:52 | Construir | House |
| 21:00 | Construir | Farm |
| 21:01 | Construir | Farm |
| 21:02 | Construir | Farm |
| 21:04 | Crear | Villager (Male) ×5 |
| 21:21 | Construir | Siege Workshop |
| 21:27 | Crear | Villager (Male) ×4 |
| 21:54 | Investigar | Heavy Plow |
| 22:04 | Construir | Farm |
| 22:04 | Construir | Farm |
| 22:06 | Construir | Farm |
| 22:10 | Construir | Farm |
| 22:12 | Crear | Villager (Male) ×5 |
| 22:23 | Construir | University |
| 22:51 | Construir | Town Center |
| 22:56 | Construir | Farm |
| 22:59 | Construir | House |
| 23:00 | Construir | House |
| 23:04 | Crear | Villager (Male) ×5 |
| 23:27 | Construir | Farm |
| 23:28 | Construir | Farm |
| 23:28 | Construir | Farm |
| 23:29 | Construir | Farm |
| 23:30 | Construir | Farm |
| 23:41 | Construir | Monastery |
| 23:42 | Crear | Villager (Male) ×5 |
| 23:55 | Construir | Lumber Camp |
| 24:19 | Construir | Mining Camp |
| 24:22 | Crear | Villager (Male) ×5 |
| 24:26 | Construir | Farm |
| 24:26 | Construir | Farm |
| 24:27 | Construir | Farm |
| 24:27 | Construir | Farm |
| 24:28 | Construir | Farm |
| 24:35 | Construir | House |
| 24:35 | Construir | House |
| 24:36 | Construir | House |
| 24:36 | Construir | House |
| 24:38 | Construir | House |
| 24:41 | Crear | Villager (Male) |
| 24:43 | Crear | Villager (Male) |
| 24:47 | Investigar | Town Watch |
| 25:01 | Construir | Barracks |
| 25:13 | Crear | Villager (Male) |
| 25:17 | Crear | Villager (Male) |
| 25:25 | Construir | Farm |
| 25:33 | Investigar | Imperial Age |
| 25:48 | Investigar | Scale Mail Armor |
Build order — C4kr
Primeras 150 de 464 acciones detectadas
| 0:06 | Investigar | Loom |
| 0:06 | Crear | Villager (Male) |
| 0:07 | Crear | Villager (Male) |
| 0:07 | Crear | Villager (Male) |
| 0:07 | Crear | Villager (Male) |
| 1:37 | Crear | Villager (Male) |
| 2:12 | Crear | Villager (Male) |
| 2:54 | Crear | Villager (Male) |
| 2:55 | Crear | Villager (Male) |
| 3:03 | Construir | Lumber Camp |
| 3:25 | Crear | Villager (Male) |
| 3:26 | Crear | Villager (Male) |
| 4:19 | Crear | Villager (Male) |
| 4:28 | Crear | Villager (Male) |
| 4:49 | Crear | Villager (Male) |
| 5:30 | Crear | Villager (Male) |
| 5:53 | Construir | Mill |
| 5:59 | Crear | Villager (Male) |
| 6:20 | Crear | Villager (Male) |
| 6:35 | Crear | Villager (Male) |
| 6:54 | Construir | Mill |
| 6:57 | Crear | Villager (Male) |
| 7:24 | Crear | Villager (Male) |
| 7:36 | Crear | Villager (Male) |
| 8:06 | Construir | Farm |
| 8:09 | Construir | Farm |
| 8:13 | Crear | Villager (Male) |
| 8:46 | Crear | Villager (Male) |
| 8:56 | Construir | Farm |
| 9:01 | Construir | Mining Camp |
| 9:06 | Investigar | Feudal Age |
| 9:41 | Construir | Farm |
| 9:43 | Construir | Farm |
| 10:36 | Construir | Barracks |
| 11:07 | Crear | Villager (Male) |
| 11:08 | Crear | Villager (Male) |
| 11:29 | Edad | Edad Feudal |
| 11:36 | Construir | Stable |
| 11:40 | Crear | Spearman |
| 12:09 | Construir | Farm |
| 12:24 | Crear | Villager (Male) |
| 12:54 | Construir | Market |
| 12:57 | Crear | Villager (Male) |
| 13:42 | Investigar | Castle Age |
| 13:42 | Investigar | Castle Age |
| 13:47 | Investigar | Double-Bit Axe |
| 14:17 | Crear | Scout Cavalry |
| 14:21 | Construir | Farm |
| 14:23 | Construir | Farm |
| 14:26 | Construir | Farm |
| 14:34 | Investigar | Horse Collar |
| 14:51 | Crear | Scout Cavalry |
| 15:07 | Construir | Farm |
| 15:31 | Crear | Scout Cavalry |
| 16:22 | Edad | Edad de los Castillos |
| 16:23 | Construir | Monastery |
| 16:24 | Crear | Villager (Male) |
| 16:32 | Construir | Town Center |
| 16:35 | Investigar | Bow Saw |
| 16:37 | Crear | Villager (Male) |
| 16:45 | Crear | Villager (Male) |
| 16:59 | Crear | Monk |
| 17:07 | Crear | Villager (Male) |
| 17:20 | Construir | Town Center |
| 17:37 | Construir | Farm |
| 17:39 | Crear | Villager (Male) |
| 17:52 | Crear | Villager (Male) |
| 17:52 | Crear | Monk |
| 18:01 | Construir | Farm |
| 18:04 | Construir | Farm |
| 18:11 | Crear | Villager (Male) |
| 18:13 | Construir | Farm |
| 18:36 | Crear | Villager (Male) |
| 18:39 | Crear | Villager (Male) |
| 18:41 | Construir | Farm |
| 18:43 | Construir | Farm |
| 19:03 | Crear | Villager (Male) |
| 19:06 | Crear | Villager (Male) |
| 19:11 | Construir | Farm |
| 19:17 | Construir | Farm |
| 19:17 | Construir | Farm |
| 19:17 | Construir | Farm |
| 19:20 | Construir | Farm |
| 19:24 | Construir | Farm |
| 19:26 | Crear | Villager (Male) |
| 19:31 | Construir | Farm |
| 19:33 | Crear | Villager (Male) |
| 19:35 | Crear | Villager (Male) |
| 19:54 | Construir | Farm |
| 19:58 | Construir | Farm |
| 19:58 | Construir | Farm |
| 20:02 | Construir | Farm |
| 20:05 | Crear | Villager (Male) |
| 20:08 | Crear | Villager (Male) |
| 20:22 | Crear | Villager (Male) |
| 20:54 | Crear | Villager (Male) |
| 20:56 | Crear | Villager (Male) |
| 20:56 | Crear | Villager (Male) |
| 20:58 | Construir | Farm |
| 20:58 | Construir | Farm |
| 20:59 | Construir | Farm |
| 21:00 | Construir | Farm |
| 21:02 | Construir | Farm |
| 21:03 | Construir | Farm |
| 21:05 | Construir | Farm |
| 21:06 | Crear | Villager (Male) |
| 21:06 | Crear | Villager (Male) |
| 21:07 | Crear | Villager (Male) |
| 21:08 | Crear | Villager (Male) |
| 21:09 | Construir | Farm |
| 21:19 | Construir | Mill |
| 21:21 | Construir | Farm |
| 21:23 | Crear | Villager (Male) |
| 21:28 | Construir | Farm |
| 21:33 | Construir | Farm |
| 21:34 | Crear | Villager (Male) |
| 21:34 | Crear | Villager (Male) |
| 21:35 | Crear | Villager (Male) |
| 21:53 | Construir | Farm |
| 21:54 | Crear | Villager (Male) |
| 22:02 | Crear | Villager (Male) |
| 22:08 | Construir | Farm |
| 22:11 | Construir | Farm |
| 22:25 | Crear | Villager (Male) |
| 22:28 | Construir | Farm |
| 22:29 | Crear | Villager (Male) |
| 22:29 | Crear | Villager (Male) |
| 22:56 | Crear | Villager (Male) |
| 22:56 | Crear | Villager (Male) |
| 22:58 | Construir | Farm |
| 23:15 | Crear | Villager (Male) |
| 23:15 | Crear | Villager (Male) |
| 23:20 | Construir | Town Center |
| 23:25 | Construir | Mining Camp |
| 23:27 | Crear | Villager (Male) |
| 23:28 | Crear | Villager (Male) |
| 23:29 | Investigar | Gold Mining |
| 23:30 | Investigar | Stone Mining |
| 23:33 | Investigar | Wheelbarrow |
| 23:33 | Investigar | Town Watch |
| 23:35 | Crear | Villager (Male) |
| 23:35 | Crear | Villager (Male) |
| 23:37 | Construir | Farm |
| 23:53 | Crear | Villager (Male) |
| 23:53 | Crear | Villager (Male) |
| 24:04 | Crear | Villager (Male) |
| 24:28 | Crear | Villager (Male) |
| 24:42 | Crear | Villager (Male) |
| 24:58 | Construir | Lumber Camp |
| 25:00 | Crear | Villager (Male) |
Build order — aggromechanic
Primeras 150 de 320 acciones detectadas
| 0:04 | Construir | House |
| 0:06 | Construir | House |
| 0:15 | Crear | Villager (Male) |
| 0:15 | Crear | Villager (Male) |
| 0:15 | Crear | Villager (Male) |
| 0:15 | Crear | Villager (Male) |
| 0:16 | Crear | Villager (Male) |
| 0:16 | Crear | Villager (Male) |
| 1:21 | Crear | Villager (Male) |
| 1:21 | Crear | Villager (Male) |
| 2:22 | Crear | Villager (Male) |
| 2:22 | Crear | Villager (Male) |
| 2:30 | Construir | Lumber Camp |
| 2:33 | Crear | Villager (Male) |
| 2:33 | Crear | Villager (Male) |
| 3:30 | Construir | House |
| 3:54 | Crear | Villager (Male) |
| 3:54 | Crear | Villager (Male) |
| 4:02 | Construir | House |
| 4:06 | Crear | Villager (Male) |
| 4:06 | Crear | Villager (Male) |
| 5:16 | Crear | Villager (Male) |
| 5:17 | Crear | Villager (Male) |
| 6:10 | Crear | Villager (Male) |
| 6:26 | Construir | Mill |
| 6:51 | Crear | Villager (Male) |
| 7:15 | Crear | Villager (Male) |
| 7:15 | Crear | Villager (Male) |
| 8:08 | Crear | Villager (Male) |
| 8:10 | Construir | Mining Camp |
| 8:13 | Crear | Villager (Male) |
| 8:26 | Construir | Mill |
| 8:59 | Investigar | Feudal Age |
| 9:49 | Construir | House |
| 9:50 | Construir | House |
| 9:51 | Construir | House |
| 11:09 | Edad | Edad Feudal |
| 11:12 | Construir | Market |
| 11:20 | Construir | Blacksmith |
| 11:41 | Construir | House |
| 11:42 | Construir | House |
| 11:43 | Construir | House |
| 11:53 | Construir | Farm |
| 11:56 | Construir | Farm |
| 12:01 | Construir | Farm |
| 12:36 | Investigar | Castle Age |
| 12:45 | Construir | Farm |
| 12:51 | Construir | House |
| 12:52 | Construir | House |
| 13:36 | Construir | House |
| 13:37 | Construir | House |
| 13:38 | Construir | House |
| 13:40 | Investigar | Double-Bit Axe |
| 14:12 | Investigar | Horse Collar |
| 15:03 | Construir | House |
| 15:04 | Construir | House |
| 15:05 | Construir | House |
| 15:07 | Construir | House |
| 15:16 | Edad | Edad de los Castillos |
| 15:19 | Construir | Monastery |
| 15:30 | Investigar | Bow Saw |
| 15:32 | Crear | Villager (Male) |
| 15:33 | Crear | Villager (Male) |
| 15:48 | Crear | Monk |
| 16:22 | Crear | Monk |
| 16:41 | Crear | Villager (Male) |
| 16:42 | Crear | Villager (Male) |
| 16:51 | Construir | Farm |
| 16:54 | Construir | Farm |
| 17:08 | Construir | Town Center |
| 17:17 | Construir | House |
| 17:18 | Construir | House |
| 17:19 | Construir | House |
| 18:28 | Crear | Monk |
| 18:56 | Construir | House |
| 18:57 | Construir | House |
| 19:04 | Construir | Town Center |
| 19:05 | Crear | Villager (Male) |
| 19:05 | Crear | Villager (Male) |
| 19:13 | Construir | Farm |
| 19:17 | Construir | Farm |
| 19:19 | Construir | Farm |
| 19:21 | Construir | Farm |
| 19:24 | Construir | Farm |
| 19:30 | Crear | Villager (Male) |
| 19:30 | Crear | Villager (Male) |
| 19:30 | Crear | Villager (Male) |
| 19:32 | Crear | Villager (Male) |
| 19:32 | Crear | Villager (Male) |
| 19:56 | Construir | Farm |
| 20:00 | Construir | Farm |
| 20:03 | Crear | Villager (Male) |
| 20:04 | Crear | Villager (Male) |
| 20:21 | Construir | House |
| 20:22 | Construir | House |
| 20:57 | Construir | Farm |
| 20:59 | Construir | Farm |
| 21:01 | Construir | Farm |
| 21:04 | Construir | Farm |
| 21:17 | Crear | Villager (Male) |
| 21:17 | Crear | Villager (Male) |
| 21:22 | Construir | Farm |
| 21:26 | Construir | House |
| 21:27 | Construir | House |
| 21:29 | Construir | House |
| 21:30 | Construir | House |
| 21:32 | Crear | Villager (Male) |
| 21:32 | Crear | Villager (Male) |
| 21:48 | Construir | Farm |
| 21:53 | Construir | Farm |
| 21:56 | Crear | Villager (Male) |
| 21:56 | Crear | Villager (Male) |
| 22:09 | Construir | Farm |
| 22:14 | Construir | Farm |
| 22:22 | Crear | Villager (Male) |
| 22:22 | Crear | Villager (Male) |
| 22:22 | Crear | Villager (Male) |
| 22:23 | Crear | Villager (Male) |
| 22:24 | Crear | Villager (Male) |
| 22:25 | Crear | Villager (Male) |
| 22:30 | Investigar | Heavy Plow |
| 22:44 | Construir | Farm |
| 22:47 | Crear | Villager (Male) |
| 22:48 | Crear | Villager (Male) |
| 22:58 | Construir | Farm |
| 23:03 | Crear | Villager (Male) |
| 23:03 | Crear | Villager (Male) |
| 23:07 | Construir | Farm |
| 23:14 | Construir | Farm |
| 23:18 | Construir | Farm |
| 23:19 | Crear | Villager (Male) |
| 23:20 | Crear | Villager (Male) |
| 23:26 | Construir | Farm |
| 23:27 | Crear | Villager (Male) |
| 23:28 | Crear | Villager (Male) |
| 23:35 | Investigar | Wheelbarrow |
| 23:36 | Investigar | Loom |
| 23:36 | Crear | Villager (Male) |
| 23:36 | Crear | Villager (Male) |
| 23:51 | Construir | Farm |
| 23:56 | Construir | Farm |
| 24:02 | Construir | Farm |
| 24:07 | Construir | Farm |
| 24:12 | Crear | Villager (Male) |
| 24:12 | Crear | Villager (Male) |
| 24:13 | Crear | Villager (Male) |
| 24:18 | Construir | Farm |
| 24:24 | Crear | Villager (Male) |
| 24:24 | Crear | Villager (Male) |
| 24:33 | Construir | Farm |
Cronología de la partida
| 9:34 | filas95 · first_building Barracks |
| 10:06 | shadman0islam · age_up feudal |
| 10:36 | C4kr · first_building Barracks |
| 11:09 | aggromechanic · age_up feudal |
| 11:29 | C4kr · age_up feudal |
| 11:36 | C4kr · first_building Stable |
| 11:37 | filas95 · age_up feudal |
| 11:56 | filas95 · first_building Archery Range |
| 14:51 | shadman0islam · age_up castle |
| 15:16 | aggromechanic · age_up castle |
| 15:19 | aggromechanic · first_building Monastery |
| 15:24 | shadman0islam · first_market_buy 100 wood |
| 15:29 | aggromechanic · first_market_buy 100 wood |
| 16:12 | filas95 · age_up castle |
| 16:14 | filas95 · first_building Monastery |
| 16:22 | C4kr · age_up castle |
| 16:23 | C4kr · first_building Monastery |
| 20:16 | shadman0islam · first_building Barracks |
| 21:21 | shadman0islam · first_building Siege Workshop |
| 23:13 | C4kr · first_market_buy 100 stone |
| 23:41 | shadman0islam · first_building Monastery |
| 26:24 | C4kr · wall_segment Stone Wall x2 |
| 26:30 | C4kr · wall_segment Stone Wall x1 |
| 26:31 | C4kr · wall_segment Stone Wall x1 |
| 26:32 | C4kr · wall_segment Stone Wall x1 |
| 26:35 | C4kr · wall_segment Stone Wall x3 |
| 28:18 | shadman0islam · first_building Castle |
| 28:43 | shadman0islam · age_up imperial |
| 28:56 | filas95 · first_building Castle |
| 29:03 | C4kr · first_building Castle |
| 29:11 | filas95 · first_market_buy 100 food |
| 30:05 | aggromechanic · age_up imperial |
| 30:06 | aggromechanic · first_building Barracks |
| 30:36 | C4kr · age_up imperial |
| 30:55 | aggromechanic · first_building Archery Range |
| 31:39 | C4kr · first_building Siege Workshop |
| 32:32 | filas95 · age_up imperial |
| 33:04 | aggromechanic · first_market_sell 500 food |
| 33:25 | aggromechanic · first_building Siege Workshop |
| 34:32 | aggromechanic · first_building Castle |
| 38:24 | C4kr · first_building Archery Range |
| 40:57 | filas95 · wall_segment Stone Wall x1 |
| 41:32 | filas95 · wall_segment Stone Wall x3 |
| 43:24 | filas95 · resign |
[ ANÁLISIS IA · 1 CRÉDITO ]
¿Qué pasó realmente en esta partida?
Wolo.gg analiza cada decisión: build order, eco, micro, errores típicos por bracket. Análisis personalizado por WhatsApp o Discord en 30 segundos.
Guía civ
Britanos
Guía mapa
Arena
Perfil
filas95